 Dungeon Crawl Stone Soup version 0.19.0-18-g426998a (webtiles) character file.

63 bombpersons the Conjurer (level 4, -3/27 HPs)
             Began as an Octopode Conjurer on Nov 12, 2016.
             Slain by Robin
             ... wielding a +0 spear
              (9 damage)
             ... on level 2 of the Dungeon.
             The game lasted 00:19:57 (1863 turns).

bombpersons the Conjurer (Octopode Conjurer)        Turns: 1863, Time: 00:19:58

Health: -3/27      AC:  2    Str:  7    XL:     4   Next: 9%
Magic:  0/8        EV: 14    Int: 17    God:
Gold:   112        SH:  0    Dex: 13    Spells: 2 memorised, 5 levels left

rFire  . . .     SeeInvis .     c - +0 dagger
rCold  . . .     Gourm    .     (no shield)
rNeg   . . .     Faith    .     l - +1 hat {MR+}
rPois  .         Spirit   .     (no amulet)
rElec  .         Reflect  .     (no ring)
rCorr  .         Harm     .     (no ring)
MR     +....                    (no ring)
Stlth  +++.......               (no ring)
                                (no ring)
                                (no ring)
                                (no ring)
                                (no ring)

@: no status effects
A: almost no armour, stealthy swim, amphibious, 8 rings, constrict 8, camouflage
1, gelatinous body 1
a: no special abilities


You were on level 2 of the Dungeon.
You were full.

You visited 1 branch of the dungeon, and saw 2 of its levels.

You collected 112 gold pieces.

Inventory:

Hand Weapons
 c - a +0 dagger (weapon)
 k - a +0 hunting sling
Missiles
 d - 12 bolts
Armour
 l - a +1 hat of magic resistance (worn)
Scrolls
 g - a scroll of blinking {unknown}
Potions
 e - a potion of beneficial mutation
 f - a potion of lignification
 h - a potion of flight {unknown}
 i - a potion of degeneration {unknown}
Books
 a - a book of Conjurations

   Spells                             Type                      Level
   a - Magic Dart                     Conjuration                  1
   b - Searing Ray                    Conjuration                  2
   c - Dazzling Spray                 Conjuration/Hexes            3
   d - Fulminant Prism                Conjuration/Hexes            4
   e - Iskenderun's Mystic Blast      Conjuration                  4
   f - Iskenderun's Battlesphere      Conjuration/Charms           5


   Skills:
 + Level 2.4 Dodging
 - Level 2.6 Stealth
 * Level 2.8 Spellcasting
 * Level 4.7 Conjurations


You had 5 spell levels left.
You knew the following spells:

 Your Spells              Type           Power        Failure   Level  Hunger
a - Magic Dart            Conj           ###.         2%          1    #......
b - Searing Ray           Conj           ###...       4%          2    ##.....


Dungeon Overview and Level Annotations

Branches:
Dungeon (2/15)

Altars:

Annotations:
D:2 Robin


Innate Abilities, Weirdness & Mutations

You cannot wear most types of armour.
You are very stealthy in the water. (Stealth+)
You are amphibious.
You can wear up to eight rings at the same time.
You can use your tentacles to constrict eight enemies at once.
Your skin changes colour to match your surroundings (Stealth+).
Your rubbery body absorbs attacks. (AC +1, EV +1)


Message History

Press: ? - help, Shift-Dir - straight line, f/p - hobgoblin
Aim: a hobgoblin, wielding a club (moderately wounded)
The magic dart hits the hobgoblin.
The hobgoblin is severely wounded.
The hobgoblin hits you with a club. Robin hits you from afar with a spear.
Robin roars a battlecry!
The goblins go into a battle-frenzy!
You closely miss the goblin. You grab the goblin. You constrict the goblin.
The goblin hits you. The hobgoblin hits you with a club.
* * * LOW HITPOINT WARNING * * *
You release your grip on the goblin.
Casting: Magic Dart
Confirm with . or Enter, or press ? or * to list all spells.
Aiming: Magic Dart
Press: ? - help, Shift-Dir - straight line, f - goblin, p - hobgoblin
Aim: a goblin (severely wounded, unusually strong)
The magic dart hits the goblin.
You kill the goblin!
Robin hits you from afar with a spear!
You die...

.......# .....
#.#...####.....#
#.#....)......#
#†#....()....##
#.).########.#
##.)# # # #.g#
#+## #.##g†#
#...# #....@#
#..... ####.##
#......
##..[####.......
##
#....)(.).......
..
##...####.......
# #######.##
#......
#........#
#.....
#.#####..# #...#
#.##.....# #+##


You could see Robin and a hobgoblin.

Vanquished Creatures
  An adder (D:2)
  A leopard gecko (D:1)
  A ball python (D:1)
  3 giant cockroaches (D:1)
  17 goblins
  4 hobgoblins
  A quokka (D:2)
  5 bats
  A frilled lizard (D:2)
  9 kobolds
  5 rats
48 creatures vanquished.

Notes
Turn   | Place    | Note
-------+----------+-------------------------------------------
     0 | D:1      | bombpersons the Octopode Conjurer began the quest for the Orb.
     0 | D:1      | Reached XP level 1. HP: 11/11 MP: 3/3
   246 | D:1      | Reached XP level 2. HP: 16/17 MP: 0/5
   899 | D:1      | Reached XP level 3. HP: 21/21 MP: 0/6
  1747 | D:2      | Reached XP level 4. HP: 27/27 MP: 0/8
  1750 | D:2      | Noticed Robin
  1815 | D:2      | Learned a level 2 spell: Searing Ray
  1863 | D:2      | Slain by Robin

Action                   |  1- 3 |  4- 6 || total
-------------------------+-------+-------++-------
Melee: Dagger            |    16 |     1 ||    17
       Constrict         |     8 |     1 ||     9
       Tentacles         |     4 |       ||     4
 Cast: Magic Dart        |    94 |     6 ||   100
       Searing Ray       |       |     1 ||     1
  Use: Scroll            |     3 |     1 ||     4
  Eat: Bread ration      |     2 |       ||     2
Armor: Skin              |     5 |       ||     5
Dodge: Dodged            |    16 |     4 ||    20
